AoeStats
← 快乐猫哥

Arena

510675918Analyzed
1v1 RM · 1d ago on Oct 2, 2026· 50m 39s· 2 players
Game mode
Random Map
Map size
Tiny (2 player)
Population
200
Speed
Normal
Resources
Standard
Victory
Conquest
Starting age
Dark Age
Ending age
Imperial Age
RankedLock teamsTeams togetherTeam positionsShared explorationLock speedFull tech treeHidden civsTurbo modeCheats
Victory
Defeat
🇭🇰 Teutons · Hong Kong SAR China
485
+10
🇫🇷 Sicilians · France
356
-10
Arlexchc
11:14 Feudal Age
23:55 Castle Age
31:14 Double-Bit Axe
35:19 Imperial Age
33:34 Bow Saw
33:30 Loom
34:25 Wheelbarrow
33:39 Town Watch
34:48 Stone Mining
34:48 Gold Mining
34:56 Elite Skirmisher
35:58 Heated Shot
37:34 First Crusade
38:47 Fletching
38:56 Horse Collar
40:25 Bodkin Arrow
40:59 Heavy Plow
42:21 Hand Cart
42:07 Town Patrol
44:49 Chemistry
45:19 Crop Rotation
46:24 Town Patrol
49:24 Hoardings
48:40 Pikeman
48:56 Elite Serjeant
50:21 Halberdier
快乐猫哥
12:20 Feudal Age
18:08 Castle Age
17:41 Wheelbarrow
19:42 Wheelbarrow
23:27 Gold Mining
23:28 Stone Mining
26:56 Imperial Age
27:02 Elite Teutonic Knight
30:46 Hand Cart
33:15 Cavalier
34:43 Crenellations
35:33 Bloodlines
37:59 Paladin
40:07 Scale Barding Armor
40:02 Scale Mail Armor
40:12 Forging
42:06 Chain Barding Armor
42:01 Chain Mail Armor
47:13 Iron Casting
48:14 Plate Barding Armor
Connection lost

Rejoining the realm…

Still unreachable

The connection could not be restored.

Session expired

The server has moved on; the page needs a fresh start.